 Dungeon Crawl Stone Soup version 0.29.1 (webtiles) character file.

Game seed: 12434272088033374432

18536 ragingrage the Severer (level 12, -1/95 HPs)
             Began as a Palentonga Fighter on Sept 12, 2022.
             Was an Initiate of Yredelemnul.
             Slain by a minotaur
             ... wielding a +0 morningstar of protection
              (24 damage)
             ... in a Gauntlet.
             The game lasted 00:20:27 (18661 turns).

ragingrage the Severer (Palentonga Fighter)        Turns: 18661, Time: 00:20:27

Health: -1/95      AC: 17    Str: 25 (27) XL:     12   Next: 28%
Magic:  16/16      EV: 14    Int:  8 (9)  God:    Yredelemnul [......]
Gold:   394        SH: 10    Dex:  8 (9)  Spells: 11/11 levels left

rFire   . . .      SeeInvis +   a - +0 war axe (venom)
rCold   . . .      Faith    .   J - +0 tower shield
rNeg    . . .      Spirit   .   B - +0 swamp dragon scales
rPois   +          Reflect  .   (no helmet)
rElec   .          Harm     .   H - +0 cloak
rCorr   .          Rampage  .   v - +0 pair of gloves
Will    .....      NoTele   +   (no barding)
Stlth   ..........              M - amulet of regeneration
HPRegen 1.05/turn               n - +4 ring of evasion
MPRegen 0.15/turn               E - +4 ring of evasion

@: mighty, curled up
A: large, rugged brown scales 3, see invisible, deformed body, roll 2, armoured
tail, reflexive curl, deterioration 2
a: Rolling Charge, Renounce Religion, Recall Undead Harvest


You were in a Gauntlet.
You worshipped Yredelemnul.
Yredelemnul was noncommittal.
You visited 2 branches of the dungeon, and saw 14 of its levels.
You also visited: Gauntlet.

You collected 1291 gold pieces.
You spent 897 gold pieces at shops.

Inventory:

Hand Weapons
 a - a +0 war axe of venom (weapon)
 b - a +2 hand axe of flaming
 A - a +0 vorpal broad axe
Missiles
 i - 14 boomerangs (quivered)
 j - 8 javelins
 u - 71 poisoned darts
 y - 2 throwing nets
 N - 4 silver javelins
Armour
 h - the +1 robe of Decompression {rF+}
   (You took it off a hobgoblin on level 2 of the Dungeon)

   rF:        It protects you from fire.
 k - a +1 helmet
 v - a +0 pair of gloves (worn)
 B - +0 swamp dragon scales (worn)
 H - a +0 cloak (worn)
 J - a +0 tower shield (worn)
 O - the +0 cloak of Esonif {+Inv}
   (You found it in a Gauntlet)

   +Inv:      It lets you turn invisible.
Jewellery
 c - a ring of ice
 n - a +4 ring of evasion (left hand)
 C - a ring of flight
 E - a +4 ring of evasion (right hand)
 M - an amulet of regeneration (around neck)
 Q - the ring of Honesty {Wiz Will- MP+9 Slay+4}
   (You found it in a Gauntlet)

   [ring of wizardry]

   It improves your spell success rate.
   Slay:      It affects your accuracy & damage with ranged weapons and melee
   (+4).
   MP:        It affects your magic capacity (+9).
   Will:      It decreases your willpower.
Wands
 l - a wand of iceblast (18)
 I - a wand of polymorph (2)
 L - a wand of flame (12)
Scrolls
 f - 2 scrolls of amnesia
 g - 7 scrolls of teleportation
 m - a scroll of magic mapping
 o - 4 scrolls of vulnerability
 q - 2 scrolls of fog
 r - 8 scrolls of identify {@rr}
 w - 5 scrolls of blinking
 K - a scroll of enchant armour {unknown}
Potions
 p - 11 potions of degeneration
 s - 4 potions of curing
 t - a potion of flight
 x - a potion of attraction {unknown}
 D - 3 potions of brilliance {unknown}
 F - 2 potions of ambrosia {unknown}
 G - a potion of lignification
 P - a potion of magic {unknown}
 S - a potion of mutation
Miscellaneous
 R - a condenser vane (inert)


   Skills:
 + Level 6.6 Fighting
 - Level 16.0 Axes
 + Level 5.5 Armour
 + Level 4.8 Dodging
 - Level 2.6 Shields
 + Level 6.3 Invocations
 - Level 4.0 Evocations


You had 11 spell levels left.
You didn't know any spells.
Your spell library contained the following spells:

 Spells                   Type           Power      Damage    Failure   Level
 Freeze                   Ice            0%         1d3       99%         1
 Sting                    Tmut/Pois      0%         1d3       99%         1
 Poisonous Vapours        Pois/Air       0%         N/A       100%        2
 Scorch                   Fire           0%         2d5       100%        2
 Frozen Ramparts          Ice            0%         1d1       100%        3
 Gell's Gravitas          Tloc           0%         N/A       100%        3
 Teleport Other           Tloc           0%         N/A       100%        3
 Airstrike                Air            0%         2d(0-16)  100%        4
 Flame Wave               Conj/Fire      0%         2d4       100%        4
 Hailstorm                Conj/Ice       0%         3d3       100%        4
 Olgreb's Toxic Radiance  Pois           0%         N/A       100%        4
 Summon Lightning Spire   Summ/Air       0%         N/A       100%        4
 Lightning Bolt           Conj/Air       0%         1d11      100%        5
 Dispersal                Tloc           0%         N/A       100%        6
 Summon Cactus Giant      Summ           0%         N/A       100%        6
 Haunt                    Necr/Summ      0%         N/A       100%        7
 Ozocubu's Refrigeration  Ice            0%         4d7       100%        7
 Ignition                 Fire           0%         3d3       100%        8


Dungeon Overview and Level Annotations

Branches:
Dungeon (13/15)            Temple (0/1) D:7            Lair (1/5) D:8
    Orc (0/2) D:12        Gauntlet (1/1)
 Vaults: D:13-14

Altars:
Cheibriados
Dithmenos
Elyvilon
Fedhas
Okawaru
Xom
Yredelemnul
Zin

Shops:
D:6 *   D:11 *

Annotations:
D:6 Edmund
D:8 exclusion: door
D:11 1 runed translucent door
D:13 Rupert Gauntlet 8 transporters


Innate Abilities, Weirdness & Mutations

You are completely covered in rugged brown scales. (AC +3, +7% HP)
You have supernaturally acute eyesight. (SInv)
Armour fits poorly on your strangely shaped body.
You can roll at foes to attack.
You have a long armoured tail.
You curl defensively after being hit. (AC +7*)
Your body often deteriorates upon taking damage.


Message History

The minotaur is heavily wounded.
You hit the floating eye.
You hit the soul eater but do no damage.
The soul eater misses you. You block the minotaur's attack.
The minotaur gores you but does no damage.
Unknown command.
You feel much better.
The floating eye dissolves into shadows!
The soul eater hits you!
* * * LOW HITPOINT WARNING * * *
You block the minotaur's attack. The minotaur closely misses you.
Unknown command.
The soul eater attacks as you move away!
You block the soul eater's attack.
The soul eater draws from the surrounding life force!
* * * LOW HITPOINT WARNING * * *
Unknown command.
Unknown command.
You hit the minotaur.
The minotaur is severely wounded.
The minotaur barely misses you. The minotaur gores you!
* * * LOW HITPOINT WARNING * * *
Unknown command.
You feel much better.
The minotaur hits you with a +0 morningstar of protection!!
* * * LOW HITPOINT WARNING * * *
Your body deteriorates!
You feel weakened. The minotaur gores you.
* * * LOW HITPOINT WARNING * * *
You feel much better. You block the minotaur's attack.
The minotaur barely misses you.
You feel very mighty all of a sudden.
The soul eater dissolves into shadows!
The minotaur closely misses you.
The minotaur gores you but does no damage.
Unknown command.
You hit the minotaur. You tail-slap the minotaur.
The minotaur is severely wounded.
The minotaur hits you with a +0 morningstar of protection!!
You die...
Your body rises from the dead as a mindless zombie.

≈≈≈≈≈ G∩≈ ... ###3###
..... #######W#######
#.......Z.....#
#.###.###.###.#
#.###.###.###@#
#.........(.H.#
###.###.###.###
#####.###.###.#####
#§...............≈#
##8.8.8..©.©..8.8§8####
##§..............§≈##8#
##########################
.........≈∩§............≈#


You could see a minotaur.

Vanquished Creatures
  A quicksilver ooze (Gauntlet)
  A boulder beetle (D:9)
  A hydra (D:11)
  2 two-headed ogres
  An ugly thing (D:12)
  2 cane toads (Lair:1)
  2 unseen horrors
  3 kobold demonologists
  A komodo dragon (D:8)
  An efreet (D:9)
  A troll (D:9)
  3 hornets
  Prince Ribbit (D:8)
  9 yaks
  A shadow (D:10)
  A wyvern (D:11)
  2 vampire mosquitoes (D:12)
  3 steam dragons
  An acid dragon (D:10)
  3 water moccasins
  An ice beast (D:7)
  9 orc warriors
  A sky beast (D:6)
  2 ogres (D:10)
  5 centaurs
  3 phantoms
  9 kobold brigands
  6 bullfrogs
  3 necrophages (D:5)
  2 gnoll sergeants
  A scorpion (D:5)
  8 wights
  5 killer bees (D:8)
  3 howler monkeys (D:9)
  A centaur zombie (D:5)
  12 orc priests
  2 hounds (D:4)
  2 gnoll boudas
  3 jellies
  2 iguanas (D:6)
  Terence (D:3)
  8 orc wizards
  A killer bee zombie (D:5)
  A howler monkey zombie (D:5)
  7 adders
  15 gnolls
  3 white imps
  An ufetubus (D:6)
  An adder zombie (D:5)
  2 worms
  3 dart slugs
  52 orcs
  11 ball pythons
  5 bats
  6 endoplasms
  2 giant cockroaches
  2 goblins
  8 hobgoblins
  12 jackals
  2 quokkas (D:4)
  A frilled lizard (D:3)
  37 kobolds
  6 rats
  3 bushes (D:9)
310 creatures vanquished.

Vanquished Creatures (collateral kills)
  A boulder beetle (D:11)
  A two-headed ogre (D:9)
  A tengu warrior (D:9)
  Joseph (D:8)
  A gargoyle (D:10)
  A wraith (D:12)
  4 yaks
  A neqoxec (Gauntlet)
  A vampire mosquito (D:12)
  An acid dragon (D:12)
  An orc warrior (D:10)
  A necrophage (D:7)
  A killer bee (D:8)
  A hound (D:4)
  An orc wizard (D:7)
  5 gnolls
  A white imp (D:6)
  2 worms (D:2)
  13 orcs
  A goblin (D:1)
  A hobgoblin (D:3)
  8 kobolds
  A ball python (D:2)
  A bush (D:9)
51 creatures vanquished.

Vanquished Creatures (others)
  A quicksilver ooze zombie (Gauntlet)
  A boulder beetle zombie (D:11)
  A spectral efreet (D:9)
  A vampire mosquito zombie (D:12)
  A spectral neqoxec (Gauntlet)
  A yak zombie (D:10)
  2 centaur zombies
  A bullfrog zombie (D:9)
  2 ogre zombies (D:10)
  An acid dragon zombie (D:10)
  A howler monkey zombie (D:9)
  2 adder zombies
  2 jelly zombies
  A spectral white imp (D:8)
  A worm zombie (D:2)
  2 bat zombies
  8 gnoll zombies
  3 ball python zombies (D:2)
  2 endoplasm zombies
  A frilled lizard zombie (D:3)
  A hobgoblin zombie (D:2)
  3 jackal zombies (D:2)
  23 kobold zombies
  34 orc zombies
  A spectral ufetubus (D:6)
  2 bushes
  A demonic plant (Gauntlet)
  62 plants
162 creatures vanquished.

Grand Total: 523 creatures vanquished

Notes
Turn   | Place    | Note
-------+----------+-------------------------------------------
     0 | D:1      | ragingrage the Palentonga Fighter began the quest for the
                  | Orb.
     0 | D:1      | Reached XP level 1. HP: 19/19 MP: 1/1
    76 | D:1      | Found a faded altar of an unknown god.
   223 | D:1      | Prayed at the altar of an unknown god.
   223 | D:1      | Became a worshipper of Yredelemnul the Dark
   223 | D:1      | Reached * piety under Yredelemnul
   234 | D:1      | Reached XP level 2. HP: 25/25 MP: 2/2
   307 | D:1      | Reached skill level 3 in Axes
   698 | D:2      | Reached XP level 3. HP: 11/31 MP: 3/3
   953 | D:2      | Identified the +1 robe of Decompression {rF+}
  1072 | D:2      | Reached skill level 4 in Axes
  1352 | D:2      | Reached ** piety under Yredelemnul
  1383 | D:2      | Reached XP level 4. HP: 33/37 MP: 4/4
  1399 | D:2      | Reached *** piety under Yredelemnul
  1897 | D:3      | Noticed Terence
  1951 | D:3      | Reached skill level 5 in Axes
  2197 | D:3      | Reached XP level 5. HP: 34/43 MP: 5/5
  2476 | D:3      | Killed Terence
  2552 | D:4      | Noticed a phantom
  2567 | D:4      | Killed a phantom
  2568 | D:4      | Reached skill level 6 in Axes
  2929 | D:4      | Reached XP level 6. HP: 39/50 MP: 6/6
  3109 | D:4      | Found a shimmering altar of Xom.
  3507 | D:5      | Entered Level 5 of the Dungeon
  3539 | D:5      | Reached skill level 7 in Axes
  3997 | D:5      | Gained mutation: You curl defensively after being hit. (AC
                  | +7*) [Palentonga growth]
  3997 | D:5      | Reached XP level 7. HP: 48/55 MP: 7/7
  4027 | D:5      | Reached skill level 8 in Axes
  4753 | D:5      | Found a blossoming altar of Fedhas.
  5068 | D:5      | Reached skill level 9 in Axes
  5313 | D:6      | Noticed Edmund
  5611 | D:6      | Reached XP level 8. HP: 58/62 MP: 8/8
  5783 | D:6      | Found a shadowy altar of Dithmenos.
  6311 | D:6      | Paralysed by a gnoll for 5 turns
  6318 | D:6      | Reached skill level 10 in Axes
  6811 | D:6      | Found Ydegiq's Serpentskin Sales.
  6823 | D:6      | Reached skill level 11 in Axes
  6966 | D:6      | Bought a +0 war axe of venom for 68 gold pieces
  7127 | D:7      | Noticed a hornet
  7135 | D:7      | Killed a hornet
  7136 | D:7      | Reached XP level 9. HP: 31/67 MP: 9/9
  7337 | D:7      | Reached skill level 12 in Axes
  7341 | D:7      | Found a staircase to the Ecumenical Temple.
  8556 | D:7      | Reached skill level 13 in Axes
  8738 | D:8      | Gained mutation: You can roll at foes to attack. [potion of
                  | mutation]
  8738 | D:8      | Gained mutation: Your body sometimes deteriorates upon
                  | taking damage. [potion of mutation]
  8738 | D:8      | Gained mutation: Your body often deteriorates upon taking
                  | damage. [potion of mutation]
  9107 | D:8      | Noticed Prince Ribbit
  9119 | D:8      | Killed Prince Ribbit
  9397 | D:8      | Noticed a komodo dragon
  9399 | D:8      | Found a staircase to the Lair.
  9735 | D:6      | Bought +0 swamp dragon scales for 550 gold pieces
  9943 | D:8      | Noticed Joseph
  9953 | D:8      | Killed Joseph
  9954 | D:8      | Reached skill level 14 in Axes
 10370 | D:8      | Reached XP level 10. HP: 60/74 MP: 10/10
 11372 | D:9      | Reached skill level 15 in Axes
 12299 | D:9      | Noticed a two-headed ogre
 12313 | D:9      | Killed a two-headed ogre
 13142 | D:9      | Noticed a tengu warrior
 13144 | D:9      | Reached skill level 16 in Axes
 13160 | D:9      | Reached skill level 1 in Invocations
 13174 | D:9      | Reached skill level 1 in Evocations
 13174 | D:9      | Killed a tengu warrior
 13175 | D:9      | Reached skill level 1 in Dodging
 13309 | D:9      | Noticed a boulder beetle
 13450 | D:9      | Killed a boulder beetle
 13451 | D:9      | Reached XP level 11. HP: 81/81 MP: 12/12
 13586 | D:10     | Entered Level 10 of the Dungeon
 14763 | D:10     | Found an iron altar of Okawaru.
 14763 | D:10     | Found a snail-covered altar of Cheibriados.
 14763 | D:10     | Found a glowing silver altar of Zin.
 14763 | D:10     | Found a white marble altar of Elyvilon.
 15398 | D:11     | Found Qulae's General Store.
 15403 | D:11     | Noticed a boulder beetle
 15426 | D:11     | HP: 4/83 [boulder beetle (8)]
 15427 | D:11     | Killed a boulder beetle
 15428 | D:11     | Reached skill level 5 in Fighting
 15432 | D:11     | Bought a potion of heal wounds for 90 gold pieces
 15432 | D:11     | Bought a scroll of blinking for 135 gold pieces
 15432 | D:11     | Bought a throwing net for 54 gold pieces
 15774 | D:11     | Noticed a five-headed hydra
 15784 | D:11     | Killed a one-headed hydra
 15852 | D:11     | Noticed a two-headed ogre
 15856 | D:11     | Killed a two-headed ogre
 15856 | D:11     | Reached **** piety under Yredelemnul
 15932 | D:11     | Reached ***** piety under Yredelemnul
 16058 | D:11     | Found a runed translucent door.
 16358 | D:11     | Reached ****** piety under Yredelemnul
 16363 | D:11     | Noticed a sun demon
 16614 | D:11     | Reached skill level 5 in Invocations
 16788 | D:11     | Noticed a seven-headed hydra
 16879 | D:12     | Noticed a green ugly thing
 16888 | D:12     | Killed a green ugly thing
 17290 | D:12     | Noticed a two-headed ogre
 17292 | D:12     | Killed a two-headed ogre
 17293 | D:12     | Reached skill level 5 in Armour
 17293 | D:12     | Reached XP level 12. HP: 47/94 MP: 8/16
 17749 | D:12     | Found a staircase to the Orcish Mines.
 17944 | D:13     | Noticed Rupert
 18082 | Lair:1   | Entered Level 1 of the Lair of Beasts
 18285 | Lair:1   | Found a gate leading to a gauntlet.
 18303 | Gauntlet | Entered a Gauntlet
 18303 | Gauntlet | Noticed a quicksilver ooze
 18303 | Gauntlet | Found a transporter.
 18303 | Gauntlet | Found a transporter.
 18306 | Gauntlet | Noticed a death scarab
 18307 | Gauntlet | Found a transporter.
 18307 | Gauntlet | Found a transporter.
 18317 | Gauntlet | Found a transporter.
 18329 | Gauntlet | Noticed a cacodemon
 18382 | Gauntlet | Found a transporter.
 18392 | Gauntlet | Found a transporter.
 18407 | Gauntlet | Found a transporter.
 18417 | Gauntlet | Found a transporter.
 18432 | Gauntlet | Found a transporter.
 18438 | Gauntlet | Found a transporter.
 18459 | Gauntlet | Found a transporter.
 18587 | Gauntlet | Killed a quicksilver ooze
 18596 | Gauntlet | Got the Directory of Generation and Kindling
 18598 | Gauntlet | Identified the +0 cloak of Esonif {+Inv}
 18611 | Gauntlet | Identified the ring of Honesty {Wiz Will- MP+9 Slay+4}
 18630 | Gauntlet | Noticed a minotaur
 18658 | Gauntlet | HP: 3/95 [minotaur/+0 morningstar of protection (6)]
 18661 | Gauntlet | Slain by a minotaur

Illustrated notes

Levels and vault maps discovered:
D:1:      ncdulo_halloftheorcs, layout_rooms, basic_ecumenical_altar,
          minmay_pentomino_x2
D:2:      layout_loops_ring, nicolae_grassy_gnolls
D:3:      layout_basic, uniq_terence
D:4:      layout_cave_pools, mainiacjoe_overflow_brackets
D:5:      layout_basic, fedhas_altar_decomposition, grunt_decor_arrowhead,
          nrook_mini_backslash
D:6:      layout_basic, amcnicky_altar_gilded, guppyfry_shop_venom, uniq_edmund
D:7:      layout_gridville, temple_statues
D:8:      layout_basic, david_lair_shrubbed, uniq_prince_ribbit1, uniq_joseph
D:9:      minmay_chambers_of_sixes, layout_basic, minmay_hedge_maze
D:10:     layout_roguey [special_room_orc], grunt_temple_overflow_cloverleaf
D:11:     layout_long_grid, serial_shops, nicolae_diamond_shop, lightli_airlock
D:12:     layout_irregular_city, erik_orc_1
D:13:     minmay_opposing_rooms, layout_stronghold,
          hangedman_vaults_entry_quadrant_bands, minmay_misc_feat_ornament,
          uniq_rupert, uniq_nessos
Lair:1:   layout_chaotic_city, gauntlet_entry_generic, serial_bayou_shore_b
Gauntlet: gammafunk_gauntlet_shortcut [gammafunk_gauntlet_arena_split_diamond,
          gammafunk_gauntlet_arena_mazey, gammafunk_gauntlet_arena_split_x,
          nicolae_gauntlet_arena_x, gammafunk_gauntlet_arena_corners,
          gammafunk_gauntlet_arena_open, gauntlet_exit_watery]

Skill      XL: |  1  2  3  4  5  6  7  8  9 10 11 12 |
---------------+-------------------------------------+-----
Axes           | 3 4 5 6 7 9 11 14 16 | 16.0
Invocations    | 2 5 6 |  6.3
Evocations     | 1 4 |  4.0
Armour         | 3 5 |  5.5
Dodging        | 1 4 |  4.8
Fighting       | 6 |  6.6
Shields        | |  2.6

Action                   |  1- 3 |  4- 6 |  7- 9 | 10-12 || total
-------------------------+-------+-------+-------+-------++-------
Melee: War axe           |   111 |   144 |   213 |   418 ||   886
       Tailslap          |     6 |    22 |    38 |    49 ||   115
       Broad axe         |       |       |    57 |       ||    57
       Hand axe          |       |       |       |     7 ||     7
Throw: Boomerang         |       |       |     1 |     3 ||     4
       Dart              |       |       |       |     1 ||     1
Invok: Recall Undead Har |     1 |     3 |     2 |     6 ||    12
       Dark Bargain      |       |     1 |     2 |       ||     3
       Bind Soul         |       |       |       |     1 ||     1
 Abil: Rolling Charge    |       |     3 |     8 |    31 ||    42
Evoke: Wand              |       |       |       |     1 ||     1
       Condenser vane    |       |       |       |     1 ||     1
  Use: Potion            |       |       |     5 |     6 ||    11
       Scroll            |       |       |     5 |     7 ||    12
 Stab: Distracted        |     1 |       |       |     2 ||     3
       Confused          |       |       |       |     1 ||     1
Armor: Scale mail        |    63 |    32 |       |       ||    95
       Chain mail        |       |    71 |   118 |       ||   189
       Skin              |       |       |    35 |       ||    35
       Swamp dragon scal |       |       |    11 |    82 ||    93
Dodge: Dodged            |    55 |    51 |    55 |   154 ||   315
Block: Buckler           |    24 |    31 |    37 |     7 ||    99
       Kite shield       |       |       |       |    24 ||    24
       Tower shield      |       |       |       |   121 ||   121
